AoeStats
← 匹皮姆貓

Arena

508002043Analyzed
4v4 RM · 10d ago on Sep 20, 2026· 45m 53s· 8 players
Game mode
Random Map
Map size
Large (8 player)
Population
200
Speed
Normal
Resources
Standard
Victory
Conquest
Starting age
Dark Age
Ending age
Imperial Age
RankedLock teamsTeams togetherTeam positionsShared explorationLock speedFull tech treeHidden civsTurbo modeCheats
Victory
Defeat
🇹🇼 Romans · Taiwan
1282
+12
🇹🇼 Saracens · Taiwan
1279
+12
🇹🇼 Khmer · Taiwan
1278
+12
🇹🇼 Portuguese · Taiwan
1246
+13
🇧🇷 Ethiopians · Brazil
1200
-13
🇭🇰 Bohemians · Hong Kong SAR China
1199
-12
🇯🇵 Malay · Japan
1190
-12
🇬🇷 Berbers · Greece
1175
-12
YYS
11:03 Feudal Age
12:27 Loom
15:16 Castle Age
13:15 Horse Collar
13:54 Double-Bit Axe
16:07 Bow Saw
18:47 Fervor
20:34 Heavy Plow
22:37 Wheelbarrow
24:53 Hand Cart
27:54 Treadmill Crane
31:10 Imperial Age
29:07 Town Watch
31:52 Chemistry
31:03 Fortified Wall
31:17 Ballistics
30:47 Elite Skirmisher
31:34 Padded Archer Armor
31:26 Fletching
32:32 Leather Archer Armor
32:14 Bodkin Arrow
32:44 Conscription
32:33 Wagenburg Tactics
33:56 Ring Archer Armor
33:37 Bracer
35:15 Two-Man Saw
36:18 Pikeman
36:59 Squires
36:45 Arson
36:24 Houfnice
38:44 Scale Mail Armor
38:57 Forging
39:04 Town Patrol
39:26 Halberdier
40:48 Chain Mail Armor
41:10 Iron Casting
42:08 Plate Mail Armor
42:51 Blast Furnace
teshi
10:53 Feudal Age
11:29 Double-Bit Axe
11:48 Loom
12:32 Loom
15:43 Castle Age
14:03 Horse Collar
22:56 Wheelbarrow
22:21 Gold Mining
22:54 Town Watch
24:00 Husbandry
24:15 Stone Mining
29:18 Imperial Age
27:57 Sanctity
27:48 Squires
28:14 Scale Barding Armor
28:20 Forging
28:33 Forging
28:43 Bow Saw
28:14 Pikeman
30:37 Iron Casting
30:36 Devotion
33:32 Blast Furnace
33:35 Halberdier
34:12 Fletching
34:58 Arson
36:42 Gold Shaft Mining
36:42 Stone Shaft Mining
36:42 Gold Shaft Mining
36:46 Conscription
37:07 Bodkin Arrow
38:44 Chemistry
37:52 Heavy Plow
38:06 Padded Archer Armor
37:27 Man-at-Arms
41:53 Guilds
42:07 Forced Levy
GaloDoido
10:22 Feudal Age
15:14 Castle Age
13:33 Double-Bit Axe
16:28 Bow Saw
17:30 Horse Collar
21:01 Wheelbarrow
23:33 Gold Mining
25:46 Gold Shaft Mining
27:53 Fletching
28:02 Loom
28:03 Town Watch
30:55 Imperial Age
29:26 Thumb Ring
28:42 Crossbowman
29:20 Bodkin Arrow
29:25 Padded Archer Armor
30:55 Leather Archer Armor
32:22 Ballistics
31:32 Arbalester
33:20 Chemistry
32:26 Siege Engineers
38:21 Two-Man Saw
44:01 Squires
43:21 Halberdier
44:13 Forging
44:04 Scale Mail Armor
44:05 Bracer
44:36 Ring Archer Armor
M@nte
10:13 Feudal Age
10:57 Double-Bit Axe
14:40 Loom
17:21 Castle Age
15:58 Horse Collar
16:41 Stone Mining
18:16 Bow Saw
18:13 Heavy Plow
18:12 Treadmill Crane
20:56 Bow Saw
20:53 Gold Mining
21:35 Town Watch
25:38 Wheelbarrow
27:56 Gold Shaft Mining
32:00 Imperial Age
29:39 Husbandry
29:33 Fletching
30:06 Fortified Wall
30:18 Padded Archer Armor
30:33 Bloodlines
31:07 Hand Cart
31:43 Ballistics
31:19 Murder Holes
31:42 Leather Archer Armor
32:11 Bodkin Arrow
32:23 Kasbah
32:44 Thumb Ring
33:25 Conscription
33:09 Bracer
34:08 Ring Archer Armor
33:51 Masonry
33:42 Heavy Camel Rider
35:01 Stone Shaft Mining
34:16 Light Cavalry
35:33 Forging
35:29 Scale Barding Armor
34:53 Elite Camel Archer
35:20 Elite Genitour
36:49 Iron Casting
37:19 Chain Barding Armor
38:09 Hoardings
38:36 Siege Engineers
38:49 Town Patrol
40:12 Blast Furnace
41:47 Plate Barding Armor
43:36 Maghrebi Camels
44:55 Hussar
TAG_MING
3:16 Loom
10:54 Feudal Age
14:32 Castle Age
12:51 Double-Bit Axe
12:46 Horse Collar
12:55 Horse Collar
16:46 Bow Saw
17:06 Loom
20:37 Heavy Plow
21:55 Wheelbarrow
21:12 Town Watch
27:36 Imperial Age
25:32 Scale Mail Armor
25:43 Gold Mining
25:44 Stone Mining
27:20 Chain Mail Armor
27:15 Forging
26:57 Fletching
26:44 Pikeman
27:43 Squires
29:34 Coinage
28:59 Halberdier
30:14 Conscription
30:02 Ballistas
31:21 Block Printing
32:27 Iron Casting
31:48 Bodkin Arrow
32:26 Masonry
33:17 Chemistry
33:13 Crop Rotation
34:11 Capped Ram
36:18 Ballistics
36:30 Architecture
35:55 Heavy Scorpion
36:21 Man-at-Arms
37:42 Comitatenses
39:16 Caravan
38:48 Siege Ram
39:07 Long Swordsman
40:51 Siege Engineers
43:53 Legionary
匹皮姆貓
8:13 Loom
10:30 Feudal Age
14:40 Castle Age
12:35 Double-Bit Axe
13:50 Horse Collar
24:34 Wheelbarrow
24:10 Heavy Plow
24:47 Gold Mining
24:48 Stone Mining
29:56 Imperial Age
28:53 Hand Cart
28:55 Scale Barding Armor
29:01 Forging
29:41 Gold Shaft Mining
28:59 Town Watch
29:59 Coinage
29:29 Caravan
30:24 Chain Barding Armor
31:21 Conscription
30:22 Elite Mameluke
31:18 Town Patrol
32:12 Bow Saw
33:32 Plate Barding Armor
33:33 Iron Casting
34:45 Two-Man Saw
37:52 Blast Furnace
36:46 Light Cavalry
37:36 Bloodlines
37:27 Husbandry
37:37 Hussar
43:03 Padded Archer Armor
42:53 Fletching
43:20 Crossbowman
44:05 Thumb Ring
44:42 Bodkin Arrow
45:02 Leather Archer Armor
44:27 Arbalester
slryze4264
12:04 Feudal Age
16:49 Castle Age
20:59 Imperial Age
20:29 Gold Mining
29:55 Double-Bit Axe
30:26 Fortified Wall
31:50 Wheelbarrow
32:25 Chemistry
32:16 Town Watch
33:52 Hand Cart
34:04 Conscription
33:51 Scale Mail Armor
34:51 Chain Mail Armor
34:47 Forging
34:36 Fletching
36:54 Town Patrol
38:21 Loom
39:43 Bodkin Arrow
40:20 Plate Mail Armor
40:26 Plate Mail Armor
44:13 Bracer
44:16 Padded Archer Armor
44:29 Forging
44:25 Scale Barding Armor
45:07 Bombard Tower
44:27 Treadmill Crane
TAG_VA
10:28 Feudal Age
13:50 Castle Age
12:05 Double-Bit Axe
12:45 Horse Collar
16:35 Loom
21:04 Wheelbarrow
21:20 Bow Saw
21:10 Heavy Plow
21:30 Scale Barding Armor
22:54 Bloodlines
24:02 Husbandry
24:52 Chain Barding Armor
24:42 Forging
25:26 Stone Mining
28:09 Imperial Age
26:12 Hand Cart
27:16 Iron Casting
28:09 Elite Battle Elephant
29:07 Gold Mining
29:19 Heavy Plow
29:57 Stone Shaft Mining
29:58 Plate Barding Armor
34:59 Tusk Swords
35:21 Conscription
35:11 Caravan
40:20 Siege Engineers
40:27 Fortified Wall
40:28 Masonry
40:10 Fletching
41:25 Blast Furnace
41:11 Coinage
41:33 Gold Shaft Mining
43:10 Bodkin Arrow
43:38 Ballistics
44:19 Chemistry
43:49 Architecture
43:42 Ballistics
Connection lost

Rejoining the realm…

Still unreachable

The connection could not be restored.

Session expired

The server has moved on; the page needs a fresh start.